 Dungeon Crawl Stone Soup version 0.23.2 (webtiles) character file.

Game seed: 12051992185424563466

46 Marnok the Twirler (level 3, -1/28 HPs)
             Began as a Demonspawn Gladiator on Apr 1, 2019.
             Slain by a gnoll shaman
             ... wielding a +0 whip
              (8 damage)
             ... on level 4 of the Dungeon.
             The game lasted 00:07:04 (2199 turns).

Marnok the Twirler (Demonspawn Gladiator)           Turns: 2199, Time: 00:07:05

Health: -1/28      AC:  6    Str: 13 (15) XL:     3   Next: 44%
Magic:  3/3        EV: 12    Int:  8 (9)  God:
Gold:   90         SH:  0    Dex: 12 (14) Spells: 2/2 levels left

rFire    x . .     SeeInvis .   a - +1 quarterstaff
rCold    + . .     Gourm    .   (shield currently unavailable)
rNeg     . . .     Faith    .   b - +0 leather armour
rPois    .         Spirit   .   c - +1 helmet
rElec    .         Reflect  .   (no cloak)
rCorr    .         Harm     .   (no gloves)
MR       .....                  s - +0 pair of boots
Stlth    ++........             (no amulet)
HPRegen  0.09/turn              i - ring of ice
MPRegen  0.08/turn              n - ring of stealth

@: no status effects
A: powered by pain 1
a: no special abilities


You were on level 4 of the Dungeon.
You were not hungry.

You visited 1 branch of the dungeon, and saw 4 of its levels.

You collected 90 gold pieces.

Inventory:

Hand Weapons
 a - a +1 quarterstaff (weapon)
Missiles
 d - 3 throwing nets (quivered)
 g - 4 needles of confusion
Armour
 b - a +0 leather armour (worn)
 c - a +1 helmet (worn)
 s - a +0 pair of boots (worn)
Jewellery
 i - a ring of ice (left hand)
 n - a ring of stealth (right hand)
Scrolls
 m - a scroll of remove curse
Potions
 e - a potion of lignification
 k - a potion of agility
Comestibles
 f - 5 rations


   Skills:
 + Level 2.4 Fighting
 + Level 3.3 Staves
 + Level 2.0 Throwing
 + Level 0.8 Armour
 + Level 2.8 Dodging


You had 2 spell levels left.
You didn't know any spells.
Your spell library was empty.

Dungeon Overview and Level Annotations

Branches:
Dungeon (4/15)
 Temple: D:4-7

Altars:
Ru

Shops:
D:4 *


Innate Abilities, Weirdness & Mutations

You sometimes gain a little power by taking damage.


Message History

The gnoll is heavily wounded.
The gnoll closely misses you.
You barely miss the gnoll shaman.
The gnoll shaman hits you with a +0 whip.
You barely miss the gnoll shaman. The gnoll shaman barely misses you.
You hit the gnoll shaman but do no damage.
The gnoll shaman closely misses you.
You closely miss the gnoll shaman.
The gnoll shaman hits you with a +0 whip.
You thump the gnoll shaman!
The gnoll shaman is heavily wounded.
The gnoll shaman barely misses you.
You hit the gnoll shaman but do no damage.
The gnoll shaman is heavily wounded.
The gnoll shaman hits you with a +0 whip.
* * * LOW HITPOINT WARNING * * *
Found a stone staircase leading down.
Found Kerum's Assorted Antiques.
The gnoll shaman hits you with a +0 whip!
You die...

### #<# #.# #.# #.#
##### #######.#
###...# #.....#.#
#...#.#######.....#.#
#>.$@gg.gg.g.$....'..
#.....#######g....###
#.##8.# #.g...... #
#..# ##....... .∩.8
#....... ##....
#....... #8...
#..).... ......
########


You could see a gnoll shaman and 4 gnolls.

Vanquished Creatures
  An ooze (D:1)
  A dart slug (D:2)
  A leopard gecko (D:2)
  An orc (D:3)
  4 bats
  4 goblins
  4 hobgoblins
  8 jackals (D:1)
  2 ball pythons
  3 frilled lizards
  5 kobolds
34 creatures vanquished.

Notes
Turn   | Place    | Note
-------+----------+-------------------------------------------
     0 | D:1      | Marnok the Demonspawn Gladiator began the quest for the
                  | Orb.
     0 | D:1      | Reached XP level 1. HP: 16/16 MP: 1/1
   346 | D:1      | Reached skill level 3 in Staves
   370 | D:1      | Gained mutation: You sometimes gain a little power by
                  | taking damage. [demonic ancestry]
   370 | D:1      | Reached XP level 2. HP: 22/22 MP: 2/2
   785 | D:1      | Reached XP level 3. HP: 27/27 MP: 3/3
  1764 | D:2      | Found a sacrificial altar of Ru.
  2197 | D:4      | Found Kerum's Assorted Antiques.
  2199 | D:4      | Slain by a gnoll shaman

Skill      XL: |  1  2 |
---------------+-------+-----
Staves         | 3 |  3.3
Throwing       | 2 |  2.0
Fighting       | |  2.4
Armour         | |  0.8
Dodging        | |  2.8

Action                   || total
-------------------------++-------
Melee: Quarterstaff      ||   108
  Use: Scroll            ||     9
       Potion            ||     5
 Stab: Sleeping          ||     4
  Eat: Chunk             ||     2
       Ration            ||     1
Armor: Leather armour    ||    37
Dodge: Dodged            ||    85
